[Event "Veins vs Polar Bears Team Match 2009"]
[Site "FICS, San Jose, California USA"]
[Date "2009.05.26"]
[Time "22:03:28"]
[Round "4"]
[White "alexborz"]
[Black "Gianuzio"]
[WhiteElo "1707"]
[BlackElo "1543"]
[TimeControl "1800+30"]
[Mode "ICS"]
[Result "0-1"]

1. e4 e5 2. Bc4 Nf6 3. d3 Be7 4. Nc3 c6 5. f4 d5 6. exd5 cxd5 7. Bb5+ Nc6
8. fxe5 Bg4 9. Nge2 Nd7 10. Bxc6 bxc6 11. d4 Bh4+ 12. g3 Bg5 13. Bxg5 Qxg5
14. Qd3 O-O 15. O-O Nb6 16. b3 Rae8 17. Nf4 Bf5 18. Qd2 f6 19. exf6 Rxf6
20. Rf2 Qg4 21. Nd3 Qxd4 22. Rf1 Bh3 23. Re1 Rxf2 24. Rxe8+ Rf8+ 25. Qf2
Qxf2+ 26. Nxf2 Rxe8 27. Nxh3 d4 28. Na4 Nxa4 29. bxa4 Re1+ 30. Kf2 Ra1 31. Ke2
Rxa2 32. Nf4 Rxc2+ 33. Kd3 Rxh2 34. Kxd4 Ra2 35. Kc5 Rxa4 36. Ne2 Ra2 37. Nd4
Rg2 38. Nxc6 Rxg3 39. Nxa7 h5
{White resigns} 0-1

[Event "Veins vs Polar Bears Team Match 2009"]
[Site "FICS, San Jose, California USA"]
[Date "2009.05.24"]
[Time "20:47:32"]
[Round "4"]
[White "MDU"]
[Black "tujhbq"]
[WhiteElo "1599"]
[BlackElo "1650"]
[TimeControl "1800+30"]
[Mode "ICS"]
[Result "0-1"]

1. e4 e5 2. Nf3 Nc6 3. Bc4 Bc5 4. Nc3 d6 5. d3 Bg4 6. h3 Bh5 7. g4 Bg6 8. Ng5
Nh6 9. Bb5 a6 10. Bxc6+ bxc6 11. Qf3 Qe7 12. h4 f6 13. Nh3 Rf8 14. Bxh6
gxh6 15. h5 Bf7 16. Qe2 d5 17. Qd2 d4 18. Ne2 a5 19. Qxh6 Kd7 20. Qxh7 Rh8
21. Qf5+ Be6 22. Qf3 Rag8 23. Rg1 Bb4+ 24. c3 dxc3 25. bxc3 Bc5 26. a4 Rb8
27. g5 fxg5 28. Nxg5 Rbf8 29. Nxe6 Rxf3 30. Rg7 Qxg7 31. Nxg7 Bxf2+ 32. Kd2
Be3+ 33. Ke1 Rh3 34. Nc1 Rh2 35. Kd1 Rg8 36. h6 Bxh6 37. Ra2 Rxa2 38. Nxa2
Rxg7 39. Kc2 Rg2+ 40. Kb3 Kd6 41. c4 c5 42. Nc3 Rg3 43. Nb5+ Kc6 44. Kc3
Rg1 45. Kb2 Bc1+ 46. Kc2 Be3 47. Nc3 Bd4 48. Nb5 Rg2+ 49. Kb3 Be3 50. Nc3
Rd2 51. Nd5 Bd4 52. Nc3 Rxd3
{White resigns} 0-1

[Event "Veins vs Polar Bears Team Match 2009"]
[Site "FICS, San Jose, California USA"]
[Date "2009.05.25"]
[Time "21:04:26"]
[Round "4"]
[White "sajanricochet"]
[Black "Berke"]
[WhiteElo "1670"]
[BlackElo "1599"]
[TimeControl "1800+30"]
[Mode "ICS"]
[Result "0-1"]

1. e4 e5 2. c4 Nf6 3. Nc3 Bc5 4. d3 d6 5. Bg5 Nbd7 6. Nf3 c6 7. Be2 a6 8. a3
Ba7 9. b4 b5 10. Qc2 Qc7 11. Nh4 h6 12. Be3 Bxe3 13. fxe3 Qb6 14. Qd2 c5
15. bxc5 Nxc5 16. Rb1 Qc6 17. Bf3 Rb8 18. a4 Bd7 19. O-O b4 20. Nd5 Nxd5
21. exd5 Qb6 22. Bh5 O-O 23. Kh1 a5 24. Nf5 Bxf5 25. Rxf5 Qd8 26. Rf2 Qg5
27. Bf3 f5 28. d4 exd4 29. exd4 Qxd2 30. Rxd2 Nxa4 31. Ra1 Rfe8 32. Rdd1
Nc3 33. Rf1 a4 34. Bh5 Rf8 35. Bg6 f4 36. c5 dxc5 37. dxc5 Nxd5 38. Rxa4
b3 39. c6 b2 40. h3 Rf6 41. Be4 Nc3 42. c7 Rc8 43. Ra8 Rff8 44. Rxc8 Rxc8
45. Bg6 Rxc7 46. Rxf4 b1=Q+ 47. Bxb1 Nxb1 48. Rb4 Nd2 49. Rd4 Rc2 50. Kg1
Rc1+ 51. Kf2 Nb3 52. Rd3 Rc2+ 53. Kf3 Nc5 54. Re3 Kf7 55. g4 Rh2 56. Kf4
Ne6+ 57. Ke5 Ng5 58. Rc3 Rxh3 59. Rc7+ Kg6 60. Rc6+ Kh7 61. Rc4 Re3+ 62. Kf4
Rf3+ 63. Ke5 Nf7+ 64. Ke4 Rg3 65. Kf4 Rxg4+ 66. Kxg4 Ne5+ 67. Kh5 Nxc4 68. Kg4
g5 69. Kh5 Kg7 70. Kg4 Kg6 71. Kh3 Kf5 72. Kg3 h5 73. Kh3 h4 74. Kg2 Kf4
75. Kh3 Ne3 76. Kh2 g4 77. Kh1 g3 78. Kg1 Kf3 79. Kh1 Ng4 80. Kg1 h3 81. Kh1
g2+ 82. Kg1 h2#
{White checkmated} 0-1

[Event "Veins vs Polar Bears Team Match 2009"]
[Site "FICS, San Jose, California USA"]
[Date "2009.05.20"]
[Time "21:22:10"]
[Round "4"]
[White "Tusendus"]
[Black "schoorl"]
[WhiteElo "1500"]
[BlackElo "1570"]
[TimeControl "1800+30"]
[Mode "ICS"]
[Result "1-0"]

1. e4 c5 2. Bc4 e6 3. Nf3 a6 4. a3 Nc6 5. O-O d6 6. d3 Be7 7. Be3 Nf6 8. Nbd2
b5 9. Ba2 O-O 10. Re1 e5 11. c3 Bg4 12. Qc1 Rc8 13. b4 cxb4 14. axb4 Nxb4
15. Qb1 Nxa2 16. Rxa2 Rc6 17. d4 exd4 18. cxd4 Qc8 19. d5 Rc7 20. Bf4 Qb7
21. e5 dxe5 22. Nxe5 Qxd5 23. Nxg4 Rd7 24. Nxf6+ Bxf6 25. Rxa6 Bc3 26. Rd1
Qb7 27. Ra2 Rfd8 28. Qb3 b4 29. Rc2 Rd3 30. Rcc1 Bxd2 31. Qb1 Bxc1 32. Rxd3
Qe7 33. Rxd8+ Qxd8 34. Qxc1 h6 35. h3 b3 36. Be5 Qd5 37. Bb2 Qe4 38. Qc3
Qb1+ 39. Kh2 Qg6 40. Qxb3 Qd6+ 41. Qg3 Qxg3+ 42. Kxg3 f5 43. Kf4 g6 44. h4
Kf7 45. g4 Ke6 46. gxf5+ gxf5 47. h5 Kf7 48. Kxf5 Kg8 49. Kg6
{Black resigns} 1-0

[Event "Veins vs Polar Bears Team Match 2009"]
[Site "FICS, San Jose, California USA"]
[Date "2009.05.22"]
[Time "22:01:14"]
[Round "4"]
[White "DodgeBrother"]
[Black "sergeym"]
[WhiteElo "1574"]
[BlackElo "1514"]
[TimeControl "1800+30"]
[Mode "ICS"]
[Result "0-1"]

1. d4 d5 2. c4 c6 3. e3 Nf6 4. Nc3 Bf5 5. Bd3 Bxd3 6. Qxd3 e6 7. Nf3 Bb4
8. O-O O-O 9. Ne2 Nbd7 10. a3 Ba5 11. b4 Bc7 12. cxd5 cxd5 13. a4 a6 14. Bd2
e5 15. dxe5 Nxe5 16. Nxe5 Bxe5 17. Rac1 Ng4 18. f4 Bc7 19. Rc5 Qh4 20. h3
Bb6 21. Rxd5 Nf6 22. Rd6 Rad8 23. Rxd8 Rxd8 24. Qc2 Re8 25. Rc1 Nd5 26. Qc8
Rxc8 27. Rxc8+ Bd8 28. Nd4 Qe7 29. e4 Nb6 30. Nf5 Qd7 31. Rc2 Qxa4 32. Rc1
g6 33. Nh6+ Kg7 34. f5 g5 35. Ng4 h5 36. Ne3 Bf6 37. Nd5 Nxd5 38. exd5 Bd4+
39. Kh1 Qd7 40. Bxg5 Qxf5 41. h4 Qxd5 42. Rc7 Qb5 43. Be7 Qf1+ 44. Kh2 Be5+
{White resigns} 0-1